Map: Dead of Night

Players

zenzen

  • Race: Protoss Protoss
  • Spawn Location: 0:00

MattBarry

  • Race: Zerg Zerg

VOD

Have the link to the VOD?

Description

Time

  • Played on: Jan. 4, 2023, 11:07 p.m.
  • Length: 25:41
Show
View Real Time Build Order
Export as new Build Order

zenzen Protoss 

Build Orders:  

Get SALT Encoding   

  12  1:14  Xel'Naga Passageway  
  12  1:41  Probe (Chrono Boost)  
  13  1:55  Probe (Chrono Boost)  
  14  2:09  Probe (Chrono Boost)  
  15  2:23  Probe (Chrono Boost)  
  15  2:29  Core Forge  
  16  2:37  Probe (Chrono Boost)  
  17  2:55  Probe (Chrono Boost)  
  18  3:05  Xel'Naga Ambusher  
  18  3:09  Probe (Chrono Boost)  
  21  3:22  Probe (Chrono Boost)  
  22  3:47  Xel'Naga Ambusher  
  24  4:29  Xel'Naga Ambusher  
  26  5:11  Xel'Naga Shieldguard  
  28  5:48  Xel'Naga Shieldguard  
  30  6:53  Constructs Facility  
  30  7:09  Void Shrine  
  30  7:51  Xel'Naga Ambusher  
  32  8:33  Xel'Naga Ambusher  
  34  9:15  Xel'Naga Shieldguard  
  36  9:40  Xel'Naga Enforcer  
  40  9:50  Probe (Chrono Boost)  
  40  9:52  Xel'Naga Shieldguard  
  43  10:04  Probe (Chrono Boost)  
  44  10:17  Constructs Bay  
  44  10:18  Probe (Chrono Boost)  
  45  10:21  Xel'Naga Passageway  
  45  10:26  Xel'Naga Passageway  
  45  10:29  Void Templar  
  47  10:31  Probe (Chrono Boost)  
  47  10:35  Xel'Naga Enforcer  
  52  10:45  Probe (Chrono Boost)  
  53  11:11  Void Templar  
  55  11:30  Xel'Naga Enforcer  
  59  11:53  Void Templar  
  61  12:35  Void Templar  
  63  14:07  Void Templar  
  65  14:14  Xel'Naga Ambusher  
  65  14:18  Void Templar  
  69  14:38  Xel'Naga Watcher  
  70  14:49  Void Templar  
  72  14:56  Xel'Naga Ambusher  
  74  15:23  Void Templar  
  76  15:31  Void Templar  
  76  15:38  Xel'Naga Ambusher  
  80  16:05  Void Templar  
  82  16:13  Void Templar  
  84  16:20  Xel'Naga Ambusher  
  86  16:47  Xel'Naga Shieldguard  
  88  16:55  Xel'Naga Shieldguard  
  90  17:02  Xel'Naga Ambusher  
  92  17:27  Probe (Chrono Boost)  
  93  17:32  Xel'Naga Ambusher  
  95  17:41  Probe (Chrono Boost)  
  95  17:44  Void Templar  
  98  17:55  Probe (Chrono Boost)  
  99  18:09  Probe (Chrono Boost)  
Show
View Real Time Build Order
Export as new Build Order

MattBarry Zerg 

Build Orders:  

Get SALT Encoding   

  18  0:03  Primal Drone  
  19  0:11  Primal Drone  
  20  0:24  Primal Drone  
  21  0:49  Primal Drone  
  22  1:03  Primal Warden  
  23  1:19  Extractor  
  23  1:32  Primal Drone  
  23  1:33  Primal Drone  
  23  1:37  Primal Drone  
  23  1:38  Primal Drone  
  23  1:39  Primal Drone  
  28  1:54  Primal Drone  
  28  1:59  Extractor  
  29  2:22  Primal Drone  
  29  2:26  Primal Drone  
  31  2:47  Primal Zergling x3  
  34  3:31  Glevig's Den  
  34  3:42  Primal Warden  
  34  3:51  Primal Warden  
  35  4:17  Primal Zergling x3  
  35  4:18  Primal Zergling  
  39  4:20  Primal Drone  
  39  4:21  Primal Drone x4  
  44  4:30  Primal Attacks Level 1  
  44  4:39  Ravasaur  
  44  4:40  Ravasaur x2  
  44  5:11  Murvar's Den  
  44  5:16  Primal Wurm  
  44  5:21  Dissolving Acid  
  44  5:29  Primal Drone x2  
  46  5:30  Primal Drone x2  
  46  5:33  Extractor  
  48  6:20  Primal Drone x2  
  48  6:21  Enlarged Parotid Glands, Primal Drone  
  56  6:30  Primal Hive  
  56  6:51  Primal Drone x2  
  58  7:10  Primal Carapace Level 1  
  58  7:23  Primal Zergling  
  58  7:24  Primal Zergling x4  
  58  7:29  Primal Zergling x2  
  65  7:30  Primal Zergling x7  
  65  7:31  Primal Zergling  
  73  7:48  Primal Warden  
  73  7:49  Primal Drone x2  
  76  7:57  Ravasaur x2  
  76  8:00  Ravasaur x4  
  76  8:01  Ravasaur  
  72  8:47  Primal Attacks Level 2  
  72  9:00  Dakrun's Den  
  71  9:32  Primal Drone  
  71  9:33  Primal Drone x4  
  76  10:07  Primal Wurm  
  77  10:10  Primal Carapace Level 2  
  77  10:15  Primal Drone  
  77  10:16  Primal Drone  
  79  10:48  Primal Drone  
  79  10:49  Primal Drone  
  81  10:55  Primal Hydralisk x3  
  81  10:56  Primal Hydralisk x3  
  81  10:59  Primal Hydralisk x3  
  99  11:00  Primal Hydralisk  
  101  11:20  Tenderize  
  101  11:27  Impaler x2  
  101  11:28  Impaler  
  101  11:29  Impaler  
  95  12:00  Primal Hydralisk x4  
  95  12:01  Primal Hydralisk  
  105  12:17  Extractor  
  105  12:38  Primal Wurm  
  106  12:48  Primal Drone  
  106  12:49  Primal Drone x4  
  111  12:51  Primal Attacks Level 3  
  111  13:05  Primal Hydralisk x3  
  117  13:14  Impaler x3  
  114  14:36  Healing Adaptation  
  112  15:36  Impaling Strike  
  108  15:55  Primal Ultralisk  
  108  15:56  Primal Ultralisk x5  
  144  16:36  Barrage of Spikes  
  144  16:56  Primal Warden  
  131  17:13  Primal Ultralisk x2  
  143  17:36  Tyrant's Protection  
  137  18:39  Primal Ultralisk x2  
  149  19:21  Primal Ultralisk  
  149  19:22  Primal Ultralisk  
  149  19:29  Primal Drone  
  162  19:30  Primal Drone x4  
  165  20:26  Primal Wurm  
  167  20:30  Primal Wurm  
  167  20:39  Primal Wurm  
  165  20:44  Primal Wurm  
  165  21:31  Primal Wurm  
  167  21:41  Primal Drone x4  
  167  21:42  Primal Drone  
  167  21:43  Primal Wurm  
  172  21:56  Primal Ultralisk x4  
Tags
 
Commander
DehakaZeratul
Matchup
Co-op
Replay Pack
Multiplayer
Add a new tag
Caveats
  • Supply blocks, unpowered buildings, or Contaminate may cause inaccurate times.
  • Supply counts are checked every 10 seconds.